[ AOE2 MATCH · #513631556 ]
UnrankedPersians vs Mongols
Player's team · LOSS
Rival team · WIN
[ REPLAY ANALYSIS · EXTRACTED FROM THE RECORDED GAME ]
Feudal
14:43
Castle
20:12
Imperial
—
| APM avg | 47.8 |
| APM peak | 103 |
| eAPM avg | 23.2 |
| Villagers / military | 117 / 56 |
Focus
⚔️ 29.5% · 🌾 70.5%
Archer ×49 · Militia ×6 · Battering Ram ×1
Feudal
10:56
Castle
21:42
Imperial
32:44
| APM avg | 39.7 |
| APM peak | 77 |
| eAPM avg | 22.7 |
| Villagers / military | 99 / 68 |
Focus
⚔️ 36.7% · 🌾 63.3%
Archer ×50 · Mangudai ×14 · Trebuchet (Packed) ×4
Match map
Initial resources + every placement click. Lines = walls · curves = elevation contours. ◆ gold · ⬟ stone · ● berries · ✦ relic · ◌ wall gap
Your base· ✓ Closed at 20:12 · 55t walls · 2 gate(s)
vaeVictis's base· Open — 5t gap
Smoothed initial terrain · ◌ = detected wall gap · hover for details
Inputs per minute
— kuzel - - vaeVictis
Build order — kuzel
First 150 of 300 actions detected
| 0:01 | Queue | Villager (Male) |
| 0:01 | Queue | Villager (Male) |
| 0:02 | Build | House |
| 0:05 | Build | House |
| 0:16 | Queue | Villager (Male) |
| 0:16 | Queue | Villager (Male) |
| 0:26 | Queue | Villager (Male) |
| 0:26 | Queue | Villager (Male) |
| 1:24 | Queue | Villager (Male) |
| 1:24 | Queue | Villager (Male) |
| 1:42 | Build | Barracks |
| 2:02 | Queue | Villager (Male) |
| 2:02 | Queue | Villager (Male) |
| 2:19 | Queue | Villager (Male) |
| 2:41 | Queue | Villager (Male) |
| 3:15 | Build | House |
| 3:28 | Queue | Militia |
| 3:28 | Queue | Militia |
| 3:37 | Queue | Villager (Male) |
| 3:37 | Queue | Villager (Male) |
| 3:37 | Queue | Villager (Male) |
| 3:57 | Research | Loom |
| 3:57 | Research | Loom |
| 4:37 | Queue | Villager (Male) |
| 4:37 | Queue | Villager (Male) |
| 5:02 | Queue | Villager (Male) |
| 5:05 | Queue | Militia |
| 5:23 | Queue | Villager (Male) |
| 6:05 | Queue | Villager (Male) |
| 6:22 | Build | Lumber Camp |
| 6:23 | Queue | Villager (Male) |
| 6:23 | Queue | Villager (Male) |
| 6:35 | Build | House |
| 7:03 | Queue | Villager (Male) |
| 7:04 | Queue | Villager (Male) |
| 7:08 | Build | House |
| 7:37 | Build | Mining Camp |
| 7:41 | Queue | Villager (Male) |
| 7:50 | Queue | Villager (Male) |
| 8:19 | Queue | Militia |
| 8:28 | Queue | Militia |
| 8:38 | Queue | Militia |
| 8:57 | Build | Mill |
| 9:05 | Queue | Villager (Male) |
| 9:08 | Build | House |
| 9:19 | Queue | Villager (Male) |
| 9:24 | Build | Farm |
| 10:01 | Build | Farm |
| 10:03 | Build | Farm |
| 10:22 | Build | Farm |
| 10:48 | Build | Farm |
| 10:51 | Queue | Villager (Male) |
| 10:52 | Queue | Villager (Male) |
| 10:55 | Build | Farm |
| 11:09 | Build | Palisade Wall |
| 11:18 | Build | Farm |
| 11:34 | Build | House |
| 11:36 | Build | Palisade Wall |
| 11:40 | Queue | Villager (Male) |
| 11:43 | Build | Farm |
| 12:16 | Build | Palisade Wall |
| 12:21 | Build | Palisade Wall |
| 12:37 | Build | Mill |
| 12:39 | Research | Feudal Age |
| 12:39 | Research | Feudal Age |
| 12:53 | Build | Palisade Gate |
| 12:59 | Build | Palisade Wall |
| 13:07 | Build | Palisade Wall |
| 13:16 | Build | Palisade Wall |
| 13:59 | Build | Palisade Wall |
| 14:26 | Build | Palisade Wall |
| 14:43 | Age | Feudal Age |
| 14:49 | Queue | Villager (Male) |
| 14:51 | Research | Man-at-Arms (upgrade) |
| 14:59 | Build | Blacksmith |
| 15:03 | Build | Archery Range |
| 15:19 | Build | House |
| 15:24 | Queue | Villager (Male) |
| 15:24 | Queue | Villager (Male) |
| 15:28 | Build | Farm |
| 15:58 | Build | Market |
| 16:08 | Build | Archery Range |
| 16:13 | Queue | Villager (Male) |
| 16:19 | Build | Lumber Camp |
| 16:35 | Queue | Archer |
| 16:35 | Queue | Archer |
| 16:39 | Queue | Villager (Male) |
| 16:53 | Queue | Archer |
| 16:53 | Queue | Archer |
| 16:58 | Queue | Villager (Male) |
| 17:28 | Queue | Archer |
| 17:36 | Build | House |
| 17:47 | Research | Castle Age |
| 17:47 | Research | Castle Age |
| 17:57 | Build | Palisade Gate |
| 18:00 | Build | Farm |
| 18:43 | Build | Mining Camp |
| 19:34 | Research | Double-Bit Axe |
| 19:34 | Research | Double-Bit Axe |
| 19:36 | Research | Horse Collar |
| 19:36 | Research | Horse Collar |
| 19:42 | Queue | Villager (Male) |
| 19:42 | Queue | Villager (Male) |
| 20:12 | Age | Castle Age |
| 20:24 | Research | Bow Saw |
| 20:26 | Queue | Villager (Male) |
| 20:30 | Research | Crossbowman (upgrade) |
| 20:30 | Research | Crossbowman (upgrade) |
| 21:02 | Research | Fletching |
| 21:02 | Research | Fletching |
| 21:04 | Queue | Villager (Male) |
| 21:06 | Research | Town Watch |
| 21:06 | Queue | Villager (Male) |
| 21:22 | Build | Palisade Wall |
| 21:41 | Research | Bodkin Arrow |
| 21:41 | Research | Bodkin Arrow |
| 21:47 | Queue | Villager (Male) |
| 22:17 | Build | Town Center |
| 22:25 | Queue | Villager (Male) |
| 22:27 | Queue | Villager (Male) |
| 22:57 | Queue | Villager (Male) |
| 23:04 | Build | Siege Workshop |
| 23:05 | Queue | Archer |
| 23:05 | Queue | Archer |
| 23:06 | Queue | Archer |
| 23:06 | Queue | Archer |
| 23:08 | Queue | Villager (Male) |
| 23:23 | Build | Town Center |
| 23:34 | Queue | Villager (Male) |
| 23:35 | Queue | Villager (Male) |
| 23:49 | Queue | Battering Ram |
| 23:53 | Queue | Villager (Male) |
| 23:53 | Queue | Villager (Male) |
| 23:55 | Queue | Archer |
| 23:55 | Queue | Archer |
| 24:20 | Queue | Villager (Male) |
| 24:21 | Queue | Villager (Male) |
| 24:37 | Queue | Villager (Male) |
| 24:37 | Queue | Villager (Male) |
| 24:56 | Queue | Archer |
| 24:56 | Queue | Archer |
| 25:24 | Queue | Archer |
| 25:24 | Queue | Archer |
| 25:30 | Queue | Villager (Male) |
| 25:30 | Queue | Villager (Male) |
| 25:54 | Queue | Archer |
| 25:54 | Queue | Archer |
| 25:56 | Queue | Villager (Male) |
| 25:58 | Queue | Villager (Male) |
| 26:01 | Build | Farm |
Build order — vaeVictis
First 150 of 233 actions detected
| 0:00 | Queue | Villager (Male) |
| 0:01 | Queue | Villager (Male) |
| 0:02 | Build | House |
| 0:03 | Build | House |
| 0:15 | Queue | Villager (Male) |
| 0:15 | Queue | Villager (Male) |
| 0:15 | Queue | Villager (Male) |
| 1:38 | Queue | Villager (Male) |
| 1:38 | Queue | Villager (Male) |
| 2:08 | Queue | Villager (Male) |
| 2:08 | Queue | Villager (Male) |
| 2:08 | Queue | Villager (Male) |
| 2:18 | Build | Lumber Camp |
| 2:27 | Queue | Villager (Male) |
| 2:27 | Queue | Villager (Male) |
| 2:33 | Build | House |
| 2:33 | Build | House |
| 3:15 | Queue | Villager (Male) |
| 3:15 | Queue | Villager (Male) |
| 3:15 | Queue | Villager (Male) |
| 3:46 | Queue | Villager (Male) |
| 3:47 | Queue | Villager (Male) |
| 4:05 | Queue | Villager (Male) |
| 4:05 | Queue | Villager (Male) |
| 4:23 | Queue | Villager (Male) |
| 4:24 | Queue | Villager (Male) |
| 4:24 | Queue | Villager (Male) |
| 4:24 | Queue | Villager (Male) |
| 5:05 | Build | Palisade Wall |
| 5:05 | Queue | Villager (Male) |
| 5:05 | Queue | Villager (Male) |
| 5:17 | Queue | Villager (Male) |
| 6:01 | Queue | Villager (Male) |
| 6:10 | Queue | Villager (Male) |
| 6:27 | Queue | Villager (Male) |
| 6:35 | Build | Mill |
| 6:46 | Queue | Villager (Male) |
| 6:46 | Queue | Villager (Male) |
| 7:04 | Queue | Villager (Male) |
| 7:11 | Queue | Villager (Male) |
| 7:13 | Queue | Villager (Male) |
| 7:25 | Research | Loom |
| 7:25 | Research | Loom |
| 7:50 | Queue | Villager (Male) |
| 8:13 | Research | Loom |
| 8:44 | Research | Feudal Age |
| 8:44 | Research | Feudal Age |
| 9:12 | Queue | Villager (Male) |
| 9:30 | Queue | Villager (Male) |
| 9:56 | Queue | Villager (Male) |
| 10:00 | Queue | Villager (Male) |
| 10:06 | Build | Mining Camp |
| 10:09 | Build | House |
| 10:19 | Build | Palisade Wall |
| 10:56 | Age | Feudal Age |
| 10:56 | Build | House |
| 11:02 | Build | Barracks |
| 11:06 | Research | Double-Bit Axe |
| 11:10 | Queue | Villager (Male) |
| 11:48 | Build | Archery Range |
| 12:03 | Build | Farm |
| 12:23 | Queue | Archer |
| 12:27 | Build | Lumber Camp |
| 12:39 | Queue | Villager (Male) |
| 12:47 | Queue | Villager (Male) |
| 13:01 | Queue | Villager (Male) |
| 13:04 | Queue | Archer |
| 13:11 | Build | Farm |
| 13:17 | Build | Palisade Wall |
| 13:37 | Queue | Villager (Male) |
| 13:43 | Build | Farm |
| 13:44 | Build | Farm |
| 13:48 | Build | Farm |
| 13:59 | Build | Watch Tower |
| 14:01 | Queue | Villager (Male) |
| 14:10 | Queue | Archer |
| 14:10 | Queue | Archer |
| 14:12 | Queue | Villager (Male) |
| 14:18 | Build | Farm |
| 14:19 | Build | Farm |
| 14:21 | Build | Farm |
| 14:34 | Queue | Villager (Male) |
| 14:52 | Queue | Villager (Male) |
| 14:54 | Build | Farm |
| 15:00 | Build | House |
| 15:07 | Queue | Villager (Male) |
| 15:19 | Queue | Villager (Male) |
| 15:21 | Build | Farm |
| 15:40 | Queue | Villager (Male) |
| 15:42 | Queue | Archer |
| 15:53 | Build | Farm |
| 16:00 | Queue | Villager (Male) |
| 16:13 | Queue | Villager (Male) |
| 16:17 | Build | Farm |
| 16:52 | Queue | Villager (Male) |
| 16:55 | Build | Farm |
| 17:01 | Build | House |
| 17:16 | Queue | Villager (Male) |
| 17:26 | Build | House |
| 17:30 | Queue | Villager (Male) |
| 17:38 | Queue | Villager (Male) |
| 17:52 | Queue | Archer |
| 17:53 | Queue | Villager (Male) |
| 18:11 | Build | Blacksmith |
| 18:32 | Queue | Villager (Male) |
| 18:49 | Build | Stone Wall |
| 18:49 | Build | Stone Wall |
| 18:50 | Build | Stone Wall |
| 18:50 | Build | Stone Wall |
| 18:51 | Build | Stone Wall |
| 18:56 | Build | House |
| 18:58 | Build | Palisade Wall |
| 19:02 | Research | Castle Age |
| 19:02 | Research | Castle Age |
| 19:03 | Queue | Villager (Male) |
| 19:15 | Build | Mining Camp |
| 19:35 | Queue | Archer |
| 19:35 | Queue | Archer |
| 19:37 | Research | Fletching |
| 19:38 | Queue | Villager (Male) |
| 19:52 | Build | Lumber Camp |
| 20:03 | Build | Mining Camp |
| 20:06 | Queue | Archer |
| 20:08 | Research | Padded Archer Armor |
| 20:09 | Queue | Villager (Male) |
| 20:42 | Queue | Archer |
| 20:46 | Queue | Villager (Male) |
| 20:52 | Build | House |
| 20:58 | Queue | Archer |
| 21:09 | Research | Wheelbarrow |
| 21:13 | Queue | Archer |
| 21:35 | Build | Outpost |
| 21:42 | Age | Castle Age |
| 21:51 | Research | Stone Mining |
| 21:55 | Research | Crossbowman (upgrade) |
| 22:09 | Research | Bodkin Arrow |
| 22:40 | Queue | Archer |
| 23:03 | Queue | Archer |
| 23:05 | Queue | Villager (Male) |
| 23:06 | Queue | Villager (Male) |
| 23:14 | Queue | Villager (Male) |
| 23:19 | Build | Archery Range |
| 23:22 | Queue | Villager (Male) |
| 23:31 | Queue | Villager (Male) |
| 23:45 | Queue | Archer |
| 23:45 | Queue | Archer |
| 23:46 | Queue | Villager (Male) |
| 24:21 | Queue | Villager (Male) |
| 24:21 | Queue | Villager (Male) |
| 24:36 | Queue | Villager (Male) |
Match timeline
| 1:42 | kuzel · first_building Barracks |
| 5:05 | vaeVictis · wall_segment Palisade Wall x3 |
| 10:19 | vaeVictis · wall_segment Palisade Wall x1 |
| 10:56 | vaeVictis · age_up feudal |
| 11:02 | vaeVictis · first_building Barracks |
| 11:09 | kuzel · wall_segment Palisade Wall x6 |
| 11:36 | kuzel · wall_segment Palisade Wall x3 |
| 11:48 | vaeVictis · first_building Archery Range |
| 12:16 | kuzel · wall_segment Palisade Wall x11 |
| 12:21 | kuzel · wall_segment Palisade Wall x2 |
| 12:59 | kuzel · wall_segment Palisade Wall x5 |
| 13:07 | kuzel · wall_segment Palisade Wall x10 |
| 13:16 | kuzel · wall_segment Palisade Wall x9 |
| 13:17 | vaeVictis · wall_segment Palisade Wall x1 |
| 13:59 | kuzel · wall_segment Palisade Wall x6 |
| 14:26 | kuzel · wall_segment Palisade Wall x4 |
| 14:43 | kuzel · age_up feudal |
| 15:03 | kuzel · first_building Archery Range |
| 18:49 | vaeVictis · wall_segment Stone Wall x1 |
| 18:49 | vaeVictis · wall_segment Stone Wall x1 |
| 18:50 | vaeVictis · wall_segment Stone Wall x1 |
| 18:50 | vaeVictis · wall_segment Stone Wall x1 |
| 18:51 | vaeVictis · wall_segment Stone Wall x1 |
| 18:58 | vaeVictis · wall_segment Palisade Wall x1 |
| 20:12 | kuzel · age_up castle |
| 21:22 | kuzel · wall_segment Palisade Wall x5 |
| 21:42 | vaeVictis · age_up castle |
| 23:04 | kuzel · first_building Siege Workshop |
| 24:56 | vaeVictis · first_building Castle |
| 26:26 | kuzel · first_building Castle |
| 32:01 | vaeVictis · wall_segment Stone Wall x1 |
| 32:44 | vaeVictis · age_up imperial |
| 36:27 | kuzel · first_building Stable |
| 37:51 | kuzel · resign |
[ AI ANALYSIS · 1 CREDIT ]
What really happened in this match?
Wolo.gg analyzes every decision: build order, eco, micro, common mistakes by bracket. Personalized analysis on WhatsApp or Discord in 30 seconds.
Civ guide
Persians
Perfil
kuzel